 Dungeon Crawl Stone Soup version 0.22.1-1-ga44c0e5 (console) character file.

279 erker the Changer (level 6, -3/38 HPs)
             Began as an Octopode Transmuter on Sept 28, 2018.
             Killed from afar by an orc wizard (8 damage)
             ... with a magic dart
             ... on level 4 of the Dungeon.
             The game lasted 00:17:16 (3749 turns).

erker the Changer (Octopode Transmuter)             Turns: 3749, Time: 00:17:17

Health: -3/38      AC:  1    Str: 10    XL:     6   Next: 26%
Magic:  3/10       EV: 13    Int: 17    God:
Gold:   168        SH:  0    Dex: 12    Spells: 5/11 levels left

rFire    . . .     SeeInvis .     - Unarmed
rCold    . . .     Gourm    .   (no shield)
rNeg     . . .     Faith    .   (helmet restricted)
rPois    .         Spirit   .   (no amulet)
rElec    .         Reflect  .   n - ring of protection from magic
rCorr    .         Harm     .   (no ring)
MR       +....                  (no ring)
Stlth    +++.......             (no ring)
HPRegen  0.12/turn              (no ring)
MPRegen  0.12/turn              (no ring)
                                (no ring)
                                (no ring)

@: no status effects
A: almost no armour, stealthy swim, amphibious, 8 rings, constrict 8, camouflage
1, gelatinous body 1
a: no special abilities


You were on level 4 of the Dungeon.
You were hungry.

You visited 1 branch of the dungeon, and saw 4 of its levels.

You collected 168 gold pieces.

Inventory:

Missiles
 a - 10 arrows
 f - 5 needles of sleeping
 s - 26 poisoned needles
Jewellery
 n - a ring of protection from magic (left tentacle)
Scrolls
 b - 3 scrolls of immolation {unknown}
 g - 4 scrolls of identify {unknown}
 h - a scroll of remove curse {unknown}
 m - a scroll of blinking {unknown}
 o - 2 scrolls of teleportation {unknown}
 q - a scroll of fog {unknown}
 r - a scroll of enchant armour {unknown}
Potions
 d - a potion of ambrosia {unknown}
 e - a potion of mutation {unknown}
 i - a potion of magic {unknown}
 j - a potion of berserk rage {unknown}
 k - a potion of might {unknown}
 l - 3 potions of brilliance
 p - a potion of degeneration {unknown}
Comestibles
 c - 8 rations
 t - 5 chunks of flesh


   Skills:
 + Level 1.1 Fighting
 + Level 2.3 Dodging
 + Level 1.2 Stealth
 + Level 3.7 Unarmed Combat
 + Level 3.2 Spellcasting
 * Level 4.3 Transmutations
 * Level 2.5 Poison Magic


You had 5 spell levels left.
You knew the following spells:

 Your Spells              Type           Power        Failure   Level  Hunger
a - Beastly Appendage     Tmut           ###...       3%          1    None
s - Spider Form           Tmut/Pois      ##........   13%         3    ###....
t - Sticks to Snakes      Tmut           ###.....     4%          2    ##.....

Your spell library contained the following spells:

 Spells                   Type           Power        Failure   Level  Hunger
 Apportation              Tloc           #.....       17%         1    None
 Summon Butterflies       Summ           #.......     17%         1    None
 Lesser Beckoning         Tloc           #.........   45%         3    ###....
 Tukima's Dance           Hex            #.......     45%         3    ###....
 Ice Form                 Ice/Tmut       ##......     56%         4    ####...
 Blade Hands              Tmut           ###.......   63%         5    ######.
 Alistair's Intoxication  Tmut/Pois      ##......     75%         5    ######.
 Invisibility             Hex            #.......     100%        6    #######


Dungeon Overview and Level Annotations

Branches:
Dungeon (4/15)
 Temple: D:4-7

Altars:
Elyvilon
Kikubaaqudgha
Nemelex Xobeh
Okawaru
Zin

Shops:
D:4 [}(

Annotations:
D:3 1 runed door
D:4 1 runed door


Innate Abilities, Weirdness & Mutations

You cannot wear most types of armour.
You are very stealthy in the water. (Stealth+)
You are amphibious.
You can wear up to eight rings at the same time.
You can use your tentacles to constrict eight enemies at once.
Your skin changes colour to match your surroundings (Stealth+).
Your rubbery body absorbs attacks. (AC +1, EV +1)


Message History

You constrict the orc priest.
Your ball python bites the orc priest.
The orc priest hits you but does no damage.
Something hits you.
You tentacle-slap the orc priest.
The orc priest is heavily wounded.
You constrict the orc priest.
Your ball python barely misses the orc priest.
Something hits you.
* * * LOW HITPOINT WARNING * * *
The orc priest hits you with a mace.
* * * LOW HITPOINT WARNING * * *
Your ball python bites the orc priest but does no damage.
Your ball python barely misses the orc priest.
You completely miss the orc priest.
The orc priest is heavily wounded.
You constrict the orc priest.
You hear some strange, mumbled words.
A magic dart appears from out of thin air!
The magic dart hits you!
You die...

#.#..... #...
#......##.....# #...
#......##.....#####..
#).....#..........#..
#......#..........#..
#......#..........#.#
#......#..........#.#
.+.#..{S..#..........#.#
.##....o@###..........#..
##.....†S........###..#..
##...#....######[.#∩#..##.
#...##....# #..#'#..##.
.... #....# #.......###
... ###### #.......# #
#.......# # #.......###
#.......'..


You could see an orc priest and 2 friendly ball pythons.

Vanquished Creatures
  An orc priest (D:3)
  A hound (D:4)
  An orc wizard (D:3)
  A worker ant (D:4)
  6 adders
  An adder skeleton (D:2)
  2 worms
  3 dart slugs
  5 orcs
  8 giant cockroaches
  6 goblins
  9 hobgoblins
  2 quokkas
  A ball python (D:2)
  9 bats
  3 frilled lizards
  7 kobolds
  10 rats
76 creatures vanquished.

Vanquished Creatures (collateral kills)
  An orc priest (D:3)
  2 adders
  4 orcs (D:3)
  A bat (D:2)
8 creatures vanquished.

Grand Total: 84 creatures vanquished

Notes
Turn   | Place    | Note
-------+----------+-------------------------------------------
     0 | D:1      | erker the Octopode Transmuter began the quest for the Orb.
     0 | D:1      | Reached XP level 1. HP: 13/13 MP: 3/3
   118 | D:1      | Reached XP level 2. HP: 16/18 MP: 5/5
   220 | D:1      | Learned a level 2 spell: Sticks to Snakes
   908 | D:2      | Reached XP level 3. HP: 23/23 MP: 6/6
   913 | D:2      | Learned a level 3 spell: Spider Form
   948 | D:2      | Reached skill level 3 in Transmutations
  1047 | D:2      | You fall through a shaft!
  1053 | D:3      | Reached skill level 1 in Poison Magic
  1071 | D:3      | Reached XP level 4. HP: 14/28 MP: 0/8
  1504 | D:3      | Found a glowing silver altar of Zin.
  1671 | D:3      | Found an iron altar of Okawaru.
  1682 | D:3      | Found an ancient bone altar of Kikubaaqudgha.
  1714 | D:3      | Found a sparkling altar of Nemelex Xobeh.
  1716 | D:3      | Found a white marble altar of Elyvilon.
  1845 | D:3      | Found a glowing silver altar of Zin.
  2120 | D:3      | Found a runed door.
  2196 | D:2      | Reached XP level 5. HP: 30/33 MP: 9/9
  2483 | D:2      | Reached skill level 4 in Transmutations
  3026 | D:3      | Reached skill level 1 in Stealth
  3530 | D:4      | Found Metappoc's Antique Weapon Shop.
  3580 | D:4      | Reached XP level 6. HP: 38/38 MP: 6/10
  3671 | D:4      | Found Garyh's Gadget Shoppe.
  3689 | D:4      | Found a runed door.
  3700 | D:4      | Found Faoqok's Antique Armour Shoppe.
  3749 | D:4      | Killed from afar by an orc wizard

Skill      XL: |  1  2  3  4  5 |
---------------+----------------+-----
Transmutations | 3 4 |  4.3
Poison Magic   | 1 2 |  2.5
Spellcasting   | 3 |  3.2
Stealth        | 1 |  1.2
Fighting       | |  1.1
Dodging        | |  2.3
Unarmed Combat | |  3.7

Action                   |  1- 3 |  4- 6 || total
-------------------------+-------+-------++-------
Melee: Unarmed           |    56 |   138 ||   194
       Constrict         |    14 |    31 ||    45
       Tentacles         |    13 |    12 ||    25
       Kick              |       |    10 ||    10
       Punch             |       |     3 ||     3
 Cast: Sticks to Snakes  |     5 |    11 ||    16
       Spider Form       |       |     9 ||     9
       Beastly Appendage |       |     7 ||     7
 Abil: End Transformatio |       |     1 ||     1
  Use: Potion            |     2 |       ||     2
 Stab: Sleeping          |     4 |     3 ||     7
       Distracted        |     1 |       ||     1
  Eat: Chunk             |       |    10 ||    10
Armor: Skin              |     7 |    14 ||    21
Dodge: Dodged            |    43 |    90 ||   133
